AoeStats
← Chigüiro

Fortress

509543768Analyzed
4v4 RM · 5d ago on Sep 27, 2026· 29m 5s· 8 players
Game mode
Random Map
Map size
Huge
Population
200
Speed
Normal
Resources
Standard
Victory
Conquest
Starting age
Dark Age
Ending age
Imperial Age
RankedLock teamsTeams togetherTeam positionsShared explorationLock speedFull tech treeHidden civsTurbo modeCheats
Victory
Defeat
🇨🇳 Portuguese · China
1618
+13
🇦🇺 Hindustanis · Australia
1568
+16
🇨🇴 Vietnamese · Colombia
1562
+16
🇭🇰 Ethiopians · Hong Kong SAR China
1529
+17
🇨🇷 Persians · Costa Rica
1618
-18
🇧🇷 Varangians · Brazil
1594
-17
🇹🇼 Huns · Taiwan
1519
-14
🇺🇸 Varangians · United States
1504
-13
ResonanceFreq
6:39 Feudal Age
10:24 Castle Age
9:19 Double-Bit Axe
9:16 Horse Collar
17:19 Wheelbarrow
18:03 Bow Saw
18:20 Heavy Plow
19:35 Hand Cart
20:55 Gold Mining
24:00 Imperial Age
22:12 Scale Barding Armor
22:17 Forging
21:58 Loom
21:58 Town Watch
22:21 Grand Trunk Road
22:58 Gold Shaft Mining
23:48 Chain Barding Armor
24:03 Iron Casting
24:32 Bloodlines
24:22 Husbandry
24:15 Heavy Camel Rider
25:31 Plate Barding Armor
26:20 Blast Furnace
25:41 Conscription
27:02 Two-Man Saw
25:57 Imperial Camel Rider
Chigüiro
8:30 Feudal Age
12:04 Castle Age
9:59 Double-Bit Axe
10:22 Horse Collar
14:38 Bow Saw
14:58 Pikeman
18:17 Town Watch
19:09 Wheelbarrow
19:58 Loom
20:37 Forging
25:03 Imperial Age
24:11 Scale Barding Armor
24:48 Bloodlines
24:38 Husbandry
25:04 Chain Barding Armor
25:06 Chatras
26:10 Iron Casting
25:47 Elite Battle Elephant
26:48 Gold Mining
28:00 Plate Barding Armor
29:00 Stone Mining
29:21 Caravan
29:32 Fletching
onon02122
6:58 Feudal Age
7:52 Double-Bit Axe
10:48 Castle Age
8:43 Horse Collar
12:00 Bow Saw
13:23 Heavy Plow
13:48 Heavy Plow
15:08 Gold Mining
16:09 Wheelbarrow
18:42 Gold Shaft Mining
18:03 Fletching
18:06 Crossbowman
18:44 Bodkin Arrow
18:53 Padded Archer Armor
19:42 Loom
20:52 Town Watch
25:11 Imperial Age
23:17 Thumb Ring
25:08 Hand Cart
25:21 Leather Archer Armor
25:29 Ballistics
25:14 Arbalester
26:20 Bracer
28:00 Chemistry
27:21 Elite Skirmisher
28:27 Stone Mining
29:05 Conscription
SAVIOR
9:31 Feudal Age
11:02 Loom
11:17 Loom
13:43 Castle Age
12:37 Double-Bit Axe
12:33 Horse Collar
19:48 Imperial Age
19:12 Fletching
22:07 Chemistry
27:29 Conscription
Draga
8:40 Feudal Age
12:02 Castle Age
9:51 Double-Bit Axe
9:58 Horse Collar
13:07 Bow Saw
15:02 Wheelbarrow
14:46 Heavy Plow
17:07 Loom
19:31 Town Watch
20:08 Hand Cart
21:09 Gold Mining
25:29 Imperial Age
24:04 Scale Barding Armor
24:16 Forging
24:48 Gold Shaft Mining
25:35 Chain Barding Armor
25:28 Husbandry
25:38 Bloodlines
26:37 Iron Casting
25:33 Elite War Elephant
27:16 Chain Barding Armor
28:31 Blast Furnace
(3A) Lü Bu king
7:50 Feudal Age
9:08 Double-Bit Axe
11:58 Castle Age
9:45 Horse Collar
13:05 Bow Saw
13:01 Heavy Plow
15:16 Wheelbarrow
15:27 Gold Mining
21:43 Imperial Age
19:29 Fletching
20:12 Bodkin Arrow
21:02 Loom
21:51 Ballistics
22:03 Bloodlines
21:53 Husbandry
21:56 Padded Archer Armor
23:00 Bracer
25:45 Chemistry
24:39 Heavy Cavalry Archer
26:47 Leather Archer Armor
27:26 Thumb Ring
29:31 Hand Cart
GAX | Nuno
6:57 Feudal Age
7:29 Double-Bit Axe
8:39 Loom
11:27 Castle Age
9:39 Horse Collar
17:42 Wheelbarrow
22:19 Imperial Age
20:50 Town Watch
21:13 Fletching
21:57 Masonry
23:18 Scale Barding Armor
24:46 Architecture
Ivbin Jirginov
8:16 Feudal Age
12:26 Castle Age
10:16 Double-Bit Axe
10:12 Horse Collar
12:11 Gold Mining
12:15 Stone Mining
13:54 Bow Saw
15:39 Wheelbarrow
16:36 Loom
19:23 Town Watch
20:06 Heavy Plow
23:52 Hand Cart
26:55 Imperial Age
25:47 Scale Barding Armor
26:27 Stone Shaft Mining
26:19 Husbandry
26:29 Bloodlines
27:52 Chain Barding Armor
27:29 Elite Jarl
28:44 Forging
29:32 Plate Barding Armor
29:43 Conscription
29:36 Forging
Connection lost

Rejoining the realm…

Still unreachable

The connection could not be restored.

Session expired

The server has moved on; the page needs a fresh start.